 Dungeon Crawl Stone Soup version 0.19.5 (webtiles) character file.

51 djnw the Caller (level 3, -2/24 HPs)
             Began as a Mummy Summoner on Mar 23, 2017.
             Slain by a frilled lizard (3 damage)
             ... on level 2 of the Dungeon.
             The game lasted 00:08:12 (1713 turns).

djnw the Caller (Mummy Summoner)                    Turns: 1713, Time: 00:08:13

Health: -2/24      AC:  3    Str: 11    XL:     3   Next: 57%
Magic:  1/6        EV: 12    Int: 15    God:
Gold:   85         SH:  0    Dex: 12    Spells: 3 memorised, 0 levels left

rFire  x . .     SeeInvis .     f - +0 spear
rCold  + . .     Gourm    .     a - +1 robe
rNeg   + + +     Faith    .     (no shield)
rPois  ∞         Spirit   .     (no helmet)
rElec  .         Reflect  .     (no cloak)
rCorr  .         Harm     .     (no gloves)
MR     .....                    (no boots)
Stlth  ++........               (no amulet)
                                (no ring)
                                (no ring)

@: very slightly contaminated
A: no food or potions, fire vulnerability, cold resistance 1, negative energy
resistance 3, torment resistance, unbreathing
a: no special abilities


You were on level 2 of the Dungeon.
You were not hungry.

You visited 1 branch of the dungeon, and saw 2 of its levels.

You collected 85 gold pieces.

Inventory:

Hand Weapons
 f - a +0 spear (weapon)
Armour
 a - a +1 robe (worn)
 d - a +0 buckler
Scrolls
 c - a scroll of noise {unknown}
 e - a scroll of blinking {unknown}
Books
 b - a book of Callings

   Spells                             Type                      Level
   a - Summon Small Mammal            Summoning                    1
   b - Call Imp                       Summoning                    2
   c - Call Canine Familiar           Summoning                    3
   d - Summon Guardian Golem          Hexes/Summoning              3
   e - Summon Lightning Spire         Summoning/Air                4
   f - Summon Ice Beast               Ice/Summoning                4


   Skills:
 + Level 0.2 Fighting
 + Level 0.5 Polearms
 - Level 1.5 Dodging
 - Level 1.5 Stealth
 + Level 2.1 Spellcasting
 * Level 4.2 Summonings


You couldn't memorise any spells.
You knew the following spells:

 Your Spells              Type           Power        Failure   Level  Hunger
a - Summon Small Mammal   Summ           ##..         4%          1    N/A
b - Call Imp              Summ           ##......     8%          2    N/A
c - Call Canine Familiar  Summ           ##......     14%         3    N/A

Dungeon Overview and Level Annotations

Branches:
Dungeon (2/15)

Altars:


Innate Abilities, Weirdness & Mutations

You do not eat or drink.
Your flesh is vulnerable to fire.
You are immune to poison.
Your flesh is cold resistant. (rC+)
You are immune to negative energy. (rN+++)
You are immune to unholy pain and torment.
You can survive without breathing.


Message History

Your crimson imp misses the adder.
Your bat barely misses the frilled lizard.
Your bat hits the adder. The adder closely misses your bat.
Your crimson imp barely misses the adder.
Casting: Summon Small Mammal
Confirm with . or Enter, or press ? or * to list all spells.
A metallic apparition takes form in the air.
The leopard gecko bites you.
* * * LOW HITPOINT WARNING * * *
The frilled lizard barely misses your iron imp.
Your iron imp barely misses the leopard gecko.
You hit the leopard gecko.
The leopard gecko is heavily wounded.
The leopard gecko bites you.
* * * LOW HITPOINT WARNING * * *
You hit the leopard gecko.
You kill the leopard gecko!
Your crimson imp blinks!
The frilled lizard bites you.
You die...

#........<...# #.5###.##..
#...)........# ##S###..# .?
#............#####b.....## ..
##..........##..§...####.....
#....#....###..##### .###.
#.####.#### #..# ## . #.#
##.## ##..# # #. #...####l..#
#. #...#..@5.## #.....###.#
#....## ..# #...## ... #....
.#### #.... #...# #...# ....


You could see a frilled lizard and a friendly iron imp.

Vanquished Creatures
  A leopard gecko (D:2)
  A giant cockroach (D:1)
  3 goblins
  3 hobgoblins (D:1)
  2 kobolds
  A quokka (D:2)
  2 bats (D:1)
  2 frilled lizards (D:1)
  3 rats (D:1)
18 creatures vanquished.

Vanquished Creatures (collateral kills)
  A hound (D:1)
  A gnoll (D:1)
  An ooze (D:1)
  A dart slug (D:1)
  A leopard gecko (D:1)
  A goblin (D:1)
  3 kobolds (D:1)
  A rat (D:1)
10 creatures vanquished.

Grand Total: 28 creatures vanquished

Notes
Turn   | Place    | Note
-------+----------+-------------------------------------------
     0 | D:1      | djnw the Mummy Summoner began the quest for the Orb.
     0 | D:1      | Reached XP level 1. HP: 13/13 MP: 3/3
   330 | D:1      | Reached XP level 2. HP: 19/19 MP: 0/5
   334 | D:1      | Learned a level 2 spell: Call Imp
  1125 | D:1      | Reached skill level 4 in Summonings
  1187 | D:1      | Reached XP level 3. HP: 20/24 MP: 1/6
  1192 | D:1      | Learned a level 3 spell: Call Canine Familiar
  1712 | D:2      | HP: 1/24 [leopard gecko (3)]
  1713 | D:2      | Slain by a frilled lizard

Skill      XL: |  1  2 |
---------------+-------+-----
Summonings     | 4 |  4.2
Fighting       | |  0.2
Polearms       | |  0.5
Dodging        | |  1.5
Stealth        | |  1.5
Spellcasting   | |  2.1

Action                   || total
-------------------------++-------
Melee: Short sword       ||    20
       Unarmed           ||     5
       Spear             ||    52
 Cast: Summon Small Mamm ||    11
       Call Imp          ||    18
  Use: Scroll            ||     1
 Stab: Sleeping          ||     2
Armor: Robe              ||    19
Dodge: Dodged            ||    57
